 Dungeon Crawl Stone Soup version 0.30-a0-779-g7971cf19c3 (webtiles) character file.

Game seed: 4813547801527583315

1634 cforsyth the Destroyer (level 8, -1/34 (36) HPs)
             Began as a Tengu Fire Elementalist on Feb 17, 2023.
             Slain by a wight
             ... wielding a +4 scimitar
              (3 damage)
             ... on level 5 of the Dungeon.
             The game lasted 00:17:22 (8524 turns).

cforsyth the Destroyer (Tengu Fire Elementalist)    Turns: 8524, Time: 00:17:23

HP:   -1/34 (36)    AC:  6    Str: 20    XL:     8   Next: 98%
MP:   18/18         EV: 14    Int: 15    God:
Gold: 186           SH:  0    Dex: 14    Spells: 16/19 levels left

rFire   . . .      SeeInvis .    q - +3 flail
rCold   + + .      Faith    .    (no shield)
rNeg    . . .      Spirit   .    v - +0 robe of Dishonour {rElec Str+6}
rPois   .          Reflect  .    (helmet restricted)
rElec   +          Harm     .    (no cloak)
rCorr   .          Rampage  .    (no gloves)
Will    +....                    (boots unavailable)
Stlth   ++                       (no amulet)
HPRegen 0.25/turn                e - +4 ring of protection
MPRegen 0.16/turn                u - ring of willpower

@: flying quickly and evasively, drained, quick
A: beak, talons 3, nimble flight, cold resistance 2, frail 1, strong 1
a: no special abilities


You were on level 5 of the Dungeon.
You visited 1 branch of the dungeon, and saw 6 of its levels.
You also visited: Sewer.

You collected 357 gold pieces.
You spent 171 gold pieces at shops.

Inventory:

Hand Weapons
 q - a +3 flail (weapon)
Armour
 v - the +0 robe of Dishonour (worn) {rElec Str+6}
   (You bought it in a shop on level 4 of the Dungeon)

   Str:       It affects your strength (+6).
   rElec:     It insulates you from electricity.
Jewellery
 e - a +4 ring of protection (left hand)
 u - a ring of willpower (right hand)
 C - a +6 ring of dexterity
Wands
 j - a wand of flame (14)
 y - a wand of digging (5)
 D - a wand of iceblast (4)
Scrolls
 a - a scroll of enchant armour {unknown}
 c - 8 scrolls of identify {unknown}
 f - a scroll of fog {unknown}
 h - a scroll of silence {unknown}
 k - 2 scrolls of immolation
 n - a scroll of enchant weapon {unknown}
 o - 2 scrolls of teleportation {unknown}
 p - 2 scrolls of amnesia {unknown}
Potions
 b - a potion of magic
 d - 2 potions of attraction
 g - 2 potions of curing
 i - a potion of experience {unknown}
 l - 3 potions of haste {unknown}
 m - a potion of degeneration {unknown}
 r - 2 potions of might {unknown}
 s - a potion of invisibility {unknown}
 t - 2 potions of cancellation {unknown}
 w - 2 potions of berserk rage {unknown}
 x - a potion of heal wounds {unknown}
 z - 2 potions of flight {unknown}
 A - a potion of lignification {unknown}
 B - a potion of mutation


   Skills:
 - Level 2.1 Dodging
 - Level 2.0 Stealth
 + Level 6.1 Spellcasting
 + Level 8.4 Conjurations
 + Level 7.7 Fire Magic


You had 16 spell levels left.
You knew the following spells:

 Your Spells              Type           Power      Damage    Failure   Level
a - Foxfire               Conj/Fire      100%       2x1d9     1%          1
b - Scorch                Fire           54%        2d8       1%          2

Your spell library contained the following spells:

 Spells                   Type           Power      Damage    Failure   Level
 Flame Wave               Conj/Fire      28%        2d9       5%          4
 Inner Flame              Hex/Fire       16%        N/A       9%          3
 Iskenderun's Battlesphe  Conj           29%        2d8       13%         5
 Fireball                 Conj/Fire      14%        3d8       14%         5
 Kindle Blastsparks       Fire/Tloc/Air  24%        2d12      16%         3
 Portal Projectile        Hex/Tloc       8%         N/A       41%         3
 Tukima's Dance           Hex            4%         N/A       41%         3
 Orb of Destruction       Conj           14%        9d7       98%         7
 Blade Hands              Tmut           2%         N/A       99%         5
 Conjure Ball Lightning   Conj/Air       8%         3x3d6     99%         6


Dungeon Overview and Level Annotations

Branches:
Dungeon (6/15)              Sewer (visited)
 Temple: D:4-7

Altars:
Ashenzari
Elyvilon
Okawaru
Ru
Sif Muna
Trog
Uskayaw

Shops:
D:4 (=*(

Annotations:
D:4 1 runed translucent door, Crazy Yiuf


Innate Abilities, Weirdness & Mutations

You have a beak for a mouth.
You have claws for feet.
Your magical nature lets you fly swiftly and evasively.
Your flesh is very cold resistant. (rC++)
You are frail. (-10% HP)
Your muscles are strong. (Str +4, Int/Dex -1)


Message History

Your foxfire dissipates!
Your foxfire dissipates!
HP restored.
Magic restored.
You see here a +0 robe.
Things that are here:
a +1 dagger; a +0 robe Unknown command.
Unknown command.
You see here a +0 robe.
You start waiting.
Done waiting.
Done exploring.
Done exploring.
Done exploring.
Things that are here:
a +1 dagger; a +0 robe You see here a +0 club.
Done exploring.
Done exploring.
Done exploring.
There is a stone staircase leading down here.
You fly downwards.
The wight hits you with a +4 scimitar!!
There is a stone staircase leading up, spattered with blood here.
The wight hits you with a +4 scimitar!
You feel drained.
* * * LOW HITPOINT WARNING * * *
You fly upwards.
There is a stone staircase leading down here.
As you read the scroll labelled IWE VUBOYW, it crumbles to dust.
The creatures around you are filled with an inner flame!
It was a scroll of immolation.
The wight hits you with a +4 scimitar.
* * * LOW HITPOINT WARNING * * *
Okay, then.
It was a potion of mutation.
You feel extremely strange.
You feel stronger.
You feel resistant to cold.
You feel frail.
You feel more resistant to cold. The wight hits you with a +4 scimitar!
* * * LOW HITPOINT WARNING * * *
You feel drained.
You die...

#.# #########.##.# #.#
#.........##.## #.#
#.#######.#...# #.# #.#
#.#.#.# #.# #.# ###.#.##
#.# #.# #..#..# #.# #.#
##.###.## #.# #z##
###..#)#..## #.##
#@.####...##.##...
#..#######....###...###.
##..........).)....#...##
#..########....###...###.
#.## ####...##.##... #.#
###..#.#..## #.#
#.##.###.### #.#
##.##.)#..#.. #.#####
##.#.##.#.##..


You could see a wight (inner flame).

Vanquished Creatures
  A black bear (D:4)
  An ice beast (D:5)
  An ogre (D:5)
  3 phantoms
  2 scorpions
  A necrophage (D:5)
  A wight (D:5)
  4 orc priests
  3 hounds
  5 jellies
  6 orc wizards
  Natasha (thrice) (D:2)
  Robin (D:2)
  3 river rats
  10 adders
  An ufetubus (D:5)
  12 worms
  29 orcs
  6 ball pythons
  8 bats
  12 endoplasms
  8 giant cockroaches
  15 goblins
  13 hobgoblins
  4 jackals (D:3)
  13 kobolds
  2 quokkas
  3 frilled lizards
  7 rats
178 creatures vanquished.

Vanquished Creatures (collateral kills)
  A foxfire (D:1)
1 creature vanquished.

Vanquished Creatures (others)
  8 demonic plants (D:4)
  917 foxfires
  10 plants (D:1)
  4 toadstools (D:6)
939 creatures vanquished.

Grand Total: 1118 creatures vanquished

Notes
Turn   | Place    | Note
-------+----------+-------------------------------------------
     0 | D:1      | cforsyth the Tengu Fire Elementalist began the quest for
                  | the Orb.
     0 | D:1      | Reached XP level 1. HP: 10/10 MP: 4/4
   134 | D:1      | Reached XP level 2. HP: 15/15 MP: 1/6
   247 | D:1      | Reached skill level 2 in Conjurations
   930 | D:1      | Reached XP level 3. HP: 19/19 MP: 4/7
  1731 | D:2      | You fall into a shaft and drop 1 floor!
  2013 | D:2      | Noticed Natasha
  2024 | D:2      | Killed Natasha
  2025 | D:2      | Reached skill level 3 in Conjurations
  2025 | D:2      | Reached XP level 4. HP: 24/24 MP: 1/9
  2641 | D:2      | Noticed Robin
  2645 | D:2      | Killed Robin
  2716 | D:2      | Noticed Natasha
  2721 | D:2      | Gained mutation: Your magical nature lets you fly swiftly
                  | and evasively. [Tengu growth]
  2721 | D:2      | Reached XP level 5. HP: 28/28 MP: 7/10
  2726 | D:2      | Killed Natasha
  2834 | D:2      | Noticed Natasha
  2840 | D:2      | Killed Natasha
  2841 | D:2      | Reached skill level 4 in Conjurations
  3036 | D:3      | Found a white marble altar of Elyvilon.
  3387 | D:3      | Reached skill level 5 in Fire Magic
  3387 | D:3      | Reached XP level 6. HP: 20/32 MP: 2/12
  3556 | D:3      | Found a shimmering blue altar of Sif Muna.
  3879 | D:4      | Found Duas's Antique Weapon Emporium.
  3899 | D:4      | Reached skill level 5 in Conjurations
  3934 | D:4      | Noticed a +0 falchion
  3934 | D:4      | Noticed a +0 short sword
  3934 | D:4      | Noticed a +0 short sword
  3935 | D:4      | Noticed a +0 falchion
  3936 | D:4      | Noticed a +0 spear
  3937 | D:4      | Noticed a +0 dagger
  3937 | D:4      | Noticed a +0 spear
  3938 | D:4      | Found a hide-covered altar of Uskayaw.
  3938 | D:4      | Noticed a +0 dagger
  3952 | D:4      | Found Jath's Weapon Shop.
  4003 | D:4      | Reached XP level 7. HP: 9/36 MP: 4/14
  4081 | D:4      | Found a glowing drain.
  4094 | Sewer    | Entered a sewer
  4646 | Sewer    | Found a viscous altar of Jiyva.
  4799 | D:4      | Reached skill level 6 in Conjurations
  5016 | D:4      | Found an iron altar of Okawaru.
  5241 | D:4      | Found Poat Oniu's Assorted Antiques.
  5244 | D:4      | Bought a ripped robe for 171 gold pieces
  5244 | D:4      | Identified the +0 robe of Dishonour {rElec Str+6} (You
                  | bought it in a shop on level 4 of the Dungeon)
  5412 | D:4      | Found a runed translucent door.
  5413 | D:4      | Noticed Crazy Yiuf
  5516 | D:4      | Found Wusaam's Jewellery Emporium.
  5562 | D:4      | Found a bloodstained altar of Trog.
  5563 | D:4      | Found a sacrificial altar of Ru.
  5573 | D:4      | Found a broken altar of Ashenzari.
  5768 | D:4      | Reached XP level 8. HP: 40/41 MP: 11/16
  6118 | D:4      | Learned a level 2 spell: Scorch
  6154 | D:5      | Entered Level 5 of the Dungeon
  6227 | D:5      | Reached skill level 5 in Spellcasting
  6270 | D:5      | Reached skill level 7 in Conjurations
  7598 | D:5      | Reached skill level 8 in Conjurations
  8524 | D:5      | Gained mutation: Your muscles are strong. (Str +4, Int/Dex
                  | -1) [potion of mutation]
  8524 | D:5      | Gained mutation: Your flesh is cold resistant. (rC+)
                  | [potion of mutation]
  8524 | D:5      | Gained mutation: You are frail. (-10% HP) [potion of
                  | mutation]
  8524 | D:5      | Gained mutation: Your flesh is very cold resistant. (rC++)
                  | [potion of mutation]
  8524 | D:5      | Slain by a wight

Illustrated notes

Levels and vault maps discovered:
D:1:      pf_arrival_petrified_forest, layout_basic, serial_bayou,
          serial_bayou_shore_a, serial_bayou_lake_a, serial_bayou_crossing,
          serial_bayou_pond_b, nrook_uturn, minmay_misc_feat_iff
D:2:      layout_loops_ring, uniq_natasha, uniq_robin
D:3:      layout_basic, elyvilon_altar_1, mainiacjoe_overflow_small_starburst
D:4:      layout_loops_corners, okawaru_trees_1, nicolae_uskayaw_en_pointe,
          minitemple, portal_sewer_entry_e, serial_shops,
          nicolae_shop_advertising_works [nicolae_subvault_shop_adworks],
          nicolae_shop_bloodbath_and_beyond, shop, shop, abandoned_shop,
          dreamdust_princess_corridor, uniq_crazy_yiuf_cottage
D:5:      minmay_general_purpose_star, layout_loops_ring, minivault_19,
          grunt_ministairs_1, nicolae_wormholes
D:6:      layout_rooms, minmay_temple_entry_proselytizer,
          minmay_gold_behind_fungi, grunt_tough_drop, uniq_pikel

Skill      XL: |  1  2  3  4  5  6  7  8 |
---------------+-------------------------+-----
Conjurations   | 2 3 4 5 6 8 |  8.4
Fire Magic     | 4 5 6 7 |  7.7
Spellcasting   | 3 4 6 |  6.1
Dodging        | |  2.1
Stealth        | |  2.0

Action                     |  1- 3 |  4- 6 |  7- 9 || total
---------------------------+-------+-------+-------++-------
  Melee: Unarmed           |     8 |     9 |       ||    17
         Peck              |     5 |     2 |     1 ||     8
         Kick              |     1 |     5 |     2 ||     8
         Punch             |       |     1 |       ||     1
         Flail             |       |     6 |     6 ||    12
   Cast: Foxfire           |   102 |   129 |   304 ||   535
    Use: Potion            |       |     2 |     1 ||     3
         Scroll            |       |       |     1 ||     1
 Armour: Robe              |     9 |     4 |    11 ||    24
  Dodge: Dodged            |    20 |    33 |    47 ||   100

Table legend: (Time is in decaauts)
 A = Elapsed time spent in this place.
 B = Non-inter-level travel time spent in this place.
 C = Inter-level travel time spent in this place.
 D = Time resting spent in this place.
 E = Time spent auto-exploring this place.
 F = Levels seen in this place.
 G = Mean time per level.
                   A        B        C        D        E       F      G
               +--------+--------+--------+--------+--------+-----+--------+
         Total |   8305 |   8119 |    186 |    350 |   6260 |   7 | 1186.4 |
       Dungeon |   7649 |   7463 |    186 |    350 |   5727 |   6 | 1274.8 |
         Sewer |    655 |    655 |      0 |      0 |    533 |   1 |  655.0 |
               +--------+--------+--------+--------+--------+-----+--------+

Top non-repeatable levels by time:
     D:4: 1872 daAuts
     D:5: 1835 daAuts
     D:1: 1505 daAuts
     D:2: 1384 daAuts
     D:3: 992 daAuts
   Sewer: 655 daAuts
     D:6: 59 daAuts
